Map: Acólito LE

Players

TheZergLord - Winner!

  • Race: Zerg Zerg
  • League: Master
  • Spawn Location: 1:00

PredaGOD

  • Race: Zerg Zerg
  • League: Master
  • Spawn Location: 7:00

VOD

Have the link to the VOD?

Description

Time

  • Played on: July 20, 2017, 8 a.m.
  • Length: 10:50
Show
View Real Time Build Order
Export as new Build Order

TheZergLord Zerg - Winner!

Build Orders: Pool First, Zergling Baneling 

Get SALT Encoding   

  12  0:01  Drone  
  13  0:13  Overlord  
  13  0:18  Drone  
  14  0:34  Drone x2  
  16  0:42  Spawning Pool  
  15  0:48  Drone  
  16  0:50  Drone  
  17  0:58  Drone  
  18  1:16  Hatchery  
  17  1:18  Extractor  
  16  1:29  Zergling x6  
  19  1:34  Queen  
  21  1:44  Overlord  
  21  1:53  Drone  
  22  2:04  Drone  
  23  2:13  Queen  
  25  2:22  Metabolic Boost  
  25  2:24  Drone  
  27  2:30  Drone x2  
  27  2:33  Drone  
  29  2:39  Baneling Nest  
  29  2:42  Zergling x2  
  28  2:45  Spine Crawler  
  28  2:47  Zergling x2  
  28  2:53  Zergling x4  
  28  3:06  Zergling x6  
  28  3:07  Zergling x2  
  30  3:16  Zergling x2  
  30  3:17  Zergling x2  
  31  3:23  Baneling x2  
  31  3:24  Baneling  
  31  3:29  Drone x3  
  31  3:30  Drone  
  35  3:40  Baneling x2  
  35  3:43  Drone  
  28  3:56  Baneling  
  28  3:59  Zergling x6  
  28  4:00  Drone  
  28  4:02  Queen  
  32  4:05  Zergling x2  
  32  4:08  Baneling  
  35  4:17  Baneling  
  35  4:18  Zergling x2  
  35  4:22  Overlord  
  35  4:33  Roach Warren  
  35  4:35  Evolution Chamber  
  33  4:40  Evolution Chamber  
  33  4:42  Drone x4  
  33  4:44  Drone  
  37  4:48  Drone  
  38  4:55  Overlord  
  38  5:01  Drone  
  38  5:05  Drone x2  
  41  5:10  Lair  
  41  5:16  Drone x2  
  43  5:27  Drone x2  
  45  5:36  Drone  
  45  5:39  Drone  
  47  5:43  Hatchery  
  47  5:44  Extractor  
  47  5:45  Roach x2  
  47  5:46  Roach  
  51  5:57  Overlord x2  
  51  6:02  Extractor  
  50  6:26  Glial Reconstitution  
  50  6:27  Overlord  
  50  6:32  Drone x8  
  58  6:37  Drone  
  58  6:39  Zerg Missile Weapons Level 1  
  59  6:41  Overlord x2  
  59  6:46  Drone x2  
  61  6:51  Roach x3  
  67  6:57  Roach x2  
  67  6:59  Roach  
  73  7:04  Roach  
  73  7:07  Overlord  
  73  7:08  Roach x2  
  79  7:16  Overlord  
  79  7:18  Roach x3  
  85  7:24  Drone  
  85  7:25  Drone x3  
  85  7:29  Overlord  
  88  7:33  Drone  
  88  7:35  Drone x2  
  91  7:38  Drone  
  91  7:39  Drone x2  
  91  7:40  Drone  
  95  7:53  Extractor, Drone x3  
  95  7:55  Extractor  
  96  8:02  Drone  
  96  8:03  Drone x4  
  101  8:11  Drone x2  
  101  8:12  Drone x3  
  106  8:24  Extractor, Roach x6  
  106  8:25  Roach x2  
  121  8:32  Roach  
  117  8:46  Roach x3  
  113  8:55  Overlord x2  
  107  8:57  Roach  
  107  8:58  Roach x6  
  107  9:01  Overlord x2  
  119  9:10  Overlord  
  119  9:11  Overlord  
  119  9:12  Drone  
  120  9:18  Roach x6  
  120  9:20  Ravager x4  
  136  9:24  Hydralisk Den  
  136  9:26  Hatchery, Roach  
  136  9:27  Roach x2  
  140  9:31  Roach  
  140  9:32  Roach  
  140  9:36  Roach x3  
  150  9:44  Roach x4  
  150  9:45  Roach  
  160  9:52  Roach  
  164  9:53  Roach x3  
  168  10:01  Roach  
  168  10:03  Overlord x2  
  166  10:16  Roach x4  
  170  10:27  Overlord  
  172  10:28  Roach x2  
  172  10:29  Roach x3  
Show
View Real Time Build Order
Export as new Build Order

PredaGOD Zerg 

Build Orders: Pool First, Zergling Baneling 

Get SALT Encoding   

  12  0:01  Drone  
  13  0:08  Drone  
  14  0:15  Extractor  
  14  0:16  Drone  
  14  0:32  Spawning Pool  
  13  0:36  Drone  
  14  0:47  Overlord  
  14  1:19  Queen  
  14  1:20  Metabolic Boost  
  14  1:23  Zergling x2  
  14  1:25  Zergling x2  
  18  1:27  Zergling x2  
  19  1:35  Zergling x2  
  20  1:43  Baneling Nest  
  19  1:51  Overlord  
  19  2:12  Zergling x2, Drone  
  21  2:17  Zergling x2  
  22  2:28  Zergling x2  
  22  2:29  Zergling x6  
  26  2:44  Zergling x2  
  27  2:58  Zergling x2  
  26  3:09  Drone  
  26  3:10  Drone x2  
  25  3:17  Drone  
  25  3:20  Baneling x2  
  25  3:21  Baneling x4  
  25  3:25  Zergling x2  
  26  3:27  Baneling x2  
  26  3:37  Baneling x2  
  26  3:39  Zergling x2  
  25  3:51  Zergling x2  
  25  3:53  Zergling x4  
  25  3:54  Zergling x2  
  26  4:11  Zergling x4  
  28  4:17  Hatchery  
  28  4:20  Zergling x2  
  27  4:24  Queen  
  27  4:31  Baneling x2  
  29  4:32  Zergling x2  
  29  4:33  Baneling  
  30  4:40  Baneling  
  30  4:41  Baneling x2  
  30  4:42  Zergling x2  
  29  5:03  Zergling x2  
  29  5:05  Zergling x2  
  29  5:09  Zergling x2  
  29  5:10  Overlord x2  
  29  5:16  Zergling x2  
  29  5:27  Zergling x2, Roach Warren  
  29  5:29  Baneling  
  29  5:31  Baneling  
  29  5:36  Drone  
  29  5:39  Drone  
  31  5:43  Zergling x2  
  31  5:47  Zergling x2  
  33  5:51  Drone  
  33  5:54  Drone  
  35  5:58  Drone  
  36  6:09  Drone  
  36  6:10  Drone x2  
  34  6:12  Drone  
  34  6:16  Drone  
  34  6:20  Drone  
  35  6:26  Drone x2  
  35  6:27  Drone  
  37  6:36  Drone x3  
  37  6:38  Drone  
  41  6:46  Evolution Chamber  
  40  6:48  Extractor  
  40  6:49  Drone  
  40  6:50  Drone x2  
  42  6:56  Extractor  
  42  6:57  Extractor, Overlord  
  42  7:00  Drone x2  
  42  7:02  Drone  
  43  7:16  Lair  
  43  7:20  Zerg Missile Weapons Level 1  
  43  7:22  Overlord  
  43  7:27  Drone x4  
  47  7:31  Overlord  
  47  7:32  Overlord  
  47  7:34  Drone x2  
  49  7:40  Baneling  
  49  7:41  Baneling x4  
  49  7:43  Roach  
  51  7:46  Roach  
  51  7:49  Roach  
  55  8:02  Roach  
  55  8:03  Roach x3  
  55  8:05  Roach x2  
  67  8:12  Roach x3  
  73  8:16  Roach  
  73  8:17  Roach  
  77  8:23  Roach  
  77  8:25  Roach  
  81  8:30  Roach x2  
  81  8:31  Roach  
  81  8:34  Roach  
  79  8:44  Roach  
  79  8:45  Roach x3  
  79  8:47  Roach  
  76  9:00  Roach  
  76  9:01  Drone x4  
  80  9:03  Drone  
  80  9:04  Drone  
  80  9:05  Glial Reconstitution  
  82  9:13  Overlord  
  82  9:22  Overlord  
  82  9:26  Roach  
  82  9:29  Overlord x2  
  84  9:36  Ravager  
  84  9:37  Overlord  
  85  9:38  Overlord  
  85  9:41  Roach  
  85  9:42  Roach  
  89  9:49  Roach x2  
  89  9:50  Ravager  
  89  9:51  Ravager  
  89  9:52  Ravager x2  
  97  9:54  Roach  
  97  9:56  Queen  
  97  9:57  Overlord  
  101  10:06  Roach  
  99  10:20  Roach x3  
  99  10:21  Roach  
Tags
 
Add a new tag
Caveats
  • Supply blocks, unpowered buildings, or Contaminate may cause inaccurate times.
  • Supply counts are checked every 10 seconds.